 Dungeon Crawl Stone Soup version 0.30-a0-1016-gfb0d676c02 (webtiles) character file.

Game seed: 3800187651742091376

4909 Jase the Geomancer (level 10, -2/60 HPs)
             Began as a Gargoyle Earth Elementalist on Apr 7, 2023.
             Was a Priest of Cheibriados.
             Slain by a yak (13 damage)
             ... on level 9 of the Dungeon.
             The game lasted 00:26:42 (7907 turns).

Jase the Geomancer (Gargoyle Earth Elementalist)    Turns: 7907, Time: 00:26:43

Health: -2/60      AC: 18    Str: 18    XL:     10   Next: 51%
Magic:  16/23      EV: 12    Int: 28    God:    Cheibriados [***...]
Gold:   398        SH:  0    Dex: 20    Spells: 5/15 levels left

rFire   . . .      SeeInvis .    a - +1 dagger (protect)
rCold   . . .      Faith    .    (no shield)
rNeg    + . .      Spirit   .    C - +0 steam dragon scales
rPois   ∞          Reflect  .    I - +1 helmet
rElec   +          Rampage  .    q - +0 cloak
rCorr   .                        G - +2 pair of gloves {Dex+3}
Will    .....                    (no boots)
Stlth   +++                      (no amulet)
HPRegen 0.30/turn                m - ring of magical power
MPRegen 0.18/turn                (no ring)

@: very slow
A: sickness immunity, AC +7, negative energy resistance 1, electricity
resistance, torment resistance 1, petrification resistance
a: Renounce Religion, Bend Time, Temporal Distortion


You were on level 9 of the Dungeon.
You worshipped Cheibriados.
Cheibriados was most pleased with you.
You visited 2 branches of the dungeon, and saw 10 of its levels.

You collected 398 gold pieces.

Inventory:

Hand Weapons
 a - a +1 dagger of protection (weapon)
 t - a +1 long sword of holy wrath
 y - a +2 battleaxe of flaming
Missiles
 z - 9 boomerangs
 H - 3 poisoned darts
Armour
 q - a +0 cloak (worn)
 C - +0 steam dragon scales (worn)
 G - a +2 pair of gloves of dexterity (worn)
 I - a +1 helmet (worn)
Jewellery
 m - a ring of magical power (left hand)
Wands
 o - a wand of mindburst (13)
 A - a wand of quicksilver (6)
 J - a wand of paralysis (7)
 K - a wand of polymorph (13)
Scrolls
 d - 2 scrolls of teleportation {unknown}
 e - 3 scrolls of fog {unknown}
 g - a scroll of amnesia {unknown}
 j - 2 scrolls of noise {unknown}
 k - 3 scrolls of fear {unknown}
 p - 13 scrolls of identify {unknown}
 r - 2 scrolls of immolation {unknown}
 s - a scroll of brand weapon {unknown}
 u - 2 scrolls of butterflies {unknown}
 v - 3 scrolls of magic mapping {unknown}
 w - 2 scrolls of enchant weapon {unknown}
 E - 2 scrolls of enchant armour {unknown}
Potions
 b - 2 potions of magic
 c - a potion of cancellation {unknown}
 f - 4 potions of brilliance {unknown}
 h - a potion of degeneration {unknown}
 i - a potion of flight {unknown}
 l - a potion of haste {unknown}
 n - 2 potions of berserk rage {unknown}
 x - 3 potions of mutation {unknown}
 B - a potion of might {unknown}
 D - a potion of ambrosia
 F - a potion of curing {unknown}


   Skills:
 - Level 6.0 Fighting
 + Level 0.9 Short Blades
 + Level 1.2 Armour
 - Level 1.5 Dodging
 + Level 2.7 Stealth
 - Level 3.0 Spellcasting
 - Level 6.0 Conjurations
 - Level 3.0 Transmutations
 * Level 13.0 Earth Magic
 + Level 5.9 Invocations


You had 5 spell levels left.
You knew the following spells:

 Your Spells              Type           Power      Damage    Failure   Level
a - Sandblast             Erth           100%       2d20      1%          1
b - Passwall              Tmut/Erth      40%        N/A       1%          2
c - Stone Arrow           Conj/Erth      100%       3d13      1%          3
d - Petrify               Tmut/Erth      49%        N/A       3%          4

Your spell library contained the following spells:

 Spells                   Type           Power      Damage    Failure   Level
 Static Discharge         Conj/Air       42%        2-4/arc   3%          2
 Wereblood                Tmut           21%        N/A       3%          2
 Hailstorm                Conj/Ice       21%        3d6       7%          3
 Freeze                   Ice            16%        1d4       9%          1
 Ensorcelled Hibernation  Hex/Ice        8%         N/A       12%         2
 Borgnjor's Vile Clutch   Necr/Erth      20%        N/A       16%         5
 Frozen Ramparts          Ice            8%         1d2       24%         3
 Swiftness                Air            4%         N/A       24%         3
 Airstrike                Air            2%         2d(1-17)  63%         4
 Animate Dead             Necr           4%         N/A       63%         4
 Summon Lightning Spire   Summ/Air       4%         N/A       63%         4
 Death Channel            Necr           2%         N/A       100%        6
 Summon Hydra             Summ           2%         N/A       100%        7
 Sublimation of Blood     Necr           Unusable   N/A       N/A         2

Dungeon Overview and Level Annotations

Branches:
Dungeon (9/15)             Temple (1/1) D:4
   Lair: D:8-11         Orc: D:9-12

Altars:
Cheibriados
Dithmenos
Elyvilon
Fedhas
Gozag
Hepliaklqana
Kikubaaqudgha
Makhleb
Nemelex Xobeh
Okawaru
Qazlal
Ru
Sif Muna
Trog
Uskayaw
Wu Jian
Xom
Yredelemnul
Zin
The Shining One

Annotations:
D:7 2 transporters, epsilonplus's ghost, novice MiFi
D:9 exclusion: orange crystal statue


Innate Abilities, Weirdness & Mutations

You are immune to sickness and miasma.
Your stone body is resilient. (AC +7)
You are immune to poison.
You resist negative energy. (rN+)
You are resistant to electric shocks. (rElec)
You are resistant to unholy torment.
You are immune to petrification.


Message History

You hit the yak.
The yak is severely wounded.
You hit the yak.
The yak is lightly wounded.
The yak closely misses you.
You hit the yak but do no damage.
The yak is lightly wounded.
The yak gores you but does no damage. x2; The yak closely misses you.
Casting: Sandblast (safe; 1% risk of failure)
Confirm with . or Enter, or press ? or * to list all spells.
Aiming: Sandblast (safe; 1% risk of failure)
Press: ? - help, Shift-Dir - straight line, f/p - yak
Aim: a yak (severely wounded, 91% to hit)
The blast of sand hits the yak!!
You kill the yak!
Cheibriados thoroughly appreciates the change of pace.
The yak barely misses you. x2
Your Earth Magic skill increases to level 13!
Casting: Sandblast (safe; 1% risk of failure)
Confirm with . or Enter, or press ? or * to list all spells.
Aiming: Sandblast (safe; 1% risk of failure)
Press: ? - help, Shift-Dir - straight line, f - yak
Aim: a yak (lightly wounded, 91% to hit)
The blast of sand hits the yak!
The yak is heavily wounded.
The yak gores you but does no damage. The yak closely misses you.
The yak barely misses you. The yak gores you. The yak misses you.
The yak gores you.
Casting: Sandblast (safe; 1% risk of failure)
Confirm with . or Enter, or press ? or * to list all spells.
Aiming: Sandblast (safe; 1% risk of failure)
Press: ? - help, Shift-Dir - straight line, f/p - yak
Aim: a yak (heavily wounded, 91% to hit)
The blast of sand hits the yak!!
You kill the yak!
Cheibriados appreciates the change of pace.
The yak gores you!
* * * LOW HITPOINT WARNING * * *
The yak gores you!
You die...

#..)Y..Y. ..
...Y# #.!.....
##.....Y
##...#..#
....... #...#
#..Y##
...###..@#
.......Y.#####
..........#..#
.........#....##
...#...##.....#
...#...###..###
.............##
##..#........# .
##.##...#....#


You could see 2 yaks.

Vanquished Creatures
  Maggie (D:6)
  Prince Ribbit (D:5)
  Grinder (D:4)
  14 yaks
  2 steam dragons (D:8)
  Edmund (D:5)
  2 water moccasins
  2 orc warriors (D:7)
  A black bear (D:6)
  An ogre (D:7)
  2 centaurs (D:8)
  A phantom (D:6)
  A kobold brigand (D:8)
  Blork the orc (D:5)
  A bullfrog (D:6)
  A gnoll sergeant (D:6)
  A scorpion (D:5)
  5 killer bees (D:8)
  4 howler monkeys
  4 orc priests
  2 hounds
  2 jellies
  2 iguanas
  3 orc wizards
  Robin (D:4)
  4 gnolls (D:6)
  3 adders
  A white imp (D:6)
  A worm (D:5)
  2 dart slugs
  35 orcs
  3 bats
  5 endoplasms
  3 giant cockroaches
  10 goblins
  12 hobgoblins
  3 jackals (D:3)
  12 kobolds
  2 quokkas
  5 ball pythons
  3 frilled lizards
  5 rats
166 creatures vanquished.

Vanquished Creatures (others)
  A plant (D:1)
1 creature vanquished.

Grand Total: 167 creatures vanquished

Notes
Turn   | Place    | Note
-------+----------+-------------------------------------------
     0 | D:1      | Jase the Gargoyle Earth Elementalist began the quest for
                  | the Orb.
     0 | D:1      | Reached XP level 1. HP: 10/10 MP: 3/3
   366 | D:1      | Reached skill level 1 in Transmutations
   395 | D:1      | Reached skill level 4 in Earth Magic
   400 | D:1      | Reached XP level 2. HP: 15/15 MP: 0/5
   812 | D:1      | Found a faded altar of an unknown god.
  1501 | D:2      | Reached XP level 3. HP: 19/19 MP: 3/6
  1504 | D:2      | Learned a level 2 spell: Passwall
  1508 | D:2      | Learned a level 3 spell: Stone Arrow
  2525 | D:3      | Reached skill level 5 in Earth Magic
  2580 | D:3      | Reached XP level 4. HP: 24/24 MP: 7/7
  2625 | D:3      | Reached skill level 1 in Conjurations
  2840 | D:4      | Reached XP level 5. HP: 7/28 MP: 1/8
  3360 | D:4      | Reached skill level 6 in Earth Magic
  3591 | D:4      | Noticed Robin
  3600 | D:4      | Killed Robin
  3960 | D:4      | Found a staircase to the Ecumenical Temple.
  3960 | D:4      | Noticed Grinder
  3966 | D:4      | Killed Grinder
  3967 | D:4      | Reached skill level 7 in Earth Magic
  3967 | D:4      | Reached XP level 6. HP: 30/35 MP: 9/9
  3973 | Temple   | Entered the Ecumenical Temple
  4340 | Temple   | Became a worshipper of Cheibriados the Contemplative
  4374 | D:5      | Entered Level 5 of the Dungeon
  4398 | D:5      | Found a shadowy altar of Dithmenos.
  4482 | D:5      | Reached XP level 7. HP: 40/40 MP: 10/10
  4487 | D:5      | Learned a level 4 spell: Petrify
  4553 | D:5      | Noticed Prince Ribbit
  4560 | D:5      | Killed Prince Ribbit
  4680 | D:5      | Noticed Blork the orc
  4685 | D:5      | Killed Blork the orc
  4859 | D:5      | Noticed Edmund
  4897 | D:5      | Killed Edmund
  4898 | D:5      | Reached skill level 8 in Earth Magic
  4898 | D:5      | Reached XP level 8. HP: 8/46 MP: 10/12
  5420 | D:6      | Identified the +0 robe "Coadoocui" {rElec rF++ Int-5 Dex+3}
  5586 | D:6      | Reached * piety under Cheibriados
  5595 | D:6      | Reached skill level 9 in Earth Magic
  5739 | D:6      | Noticed Maggie
  5743 | D:6      | Killed Maggie
  5744 | D:6      | Reached skill level 5 in Conjurations
  5744 | D:6      | Reached skill level 1 in Invocations
  6115 | D:7      | Reached XP level 9. HP: 52/52 MP: 13/13
  6197 | D:7      | Noticed a queen bee
  6197 | D:7      | Found a transporter.
  6197 | D:7      | Found a transporter.
  6212 | D:7      | Noticed epsilonplus's ghost (novice MiFi)
  6598 | D:7      | Reached skill level 10 in Earth Magic
  6787 | D:8      | Reached skill level 5 in Fighting
  6860 | D:8      | Reached ** piety under Cheibriados
  6894 | D:8      | Reached skill level 11 in Earth Magic
  7216 | D:8      | Reached XP level 10. HP: 60/60 MP: 14/14
  7240 | D:8      | Reached skill level 12 in Earth Magic
  7242 | D:8      | Reached skill level 5 in Invocations
  7382 | D:8      | Reached *** piety under Cheibriados
  7831 | D:9      | Noticed an orange crystal statue
  7898 | D:9      | Reached skill level 1 in Armour
  7906 | D:9      | Reached skill level 13 in Earth Magic
  7907 | D:9      | Slain by a yak

Illustrated notes

Levels and vault maps discovered:
D:1:      giann_bridges, layout_basic, dilly_ecumenical_altar_fadedgnrine,
          minmay_door_square, chequers_serial_rivers_large_a,
          minmay_misc_feat_iff, minmay_strange_pillars
D:2:      layout_basic, corexii_shack
D:3:      layout_rooms
D:4:      layout_loops_corners, minmay_temple_entry_enclosed_plants, uniq_robin,
          uniq_grinder
D:5:      layout_basic, nicolae_dithmenos_shadow_blocks, palyth_stone_intersect,
          uniq_blork_the_orc, uniq_prince_ribbit1, uniq_edmund
D:6:      layout_basic, uniq_maggie
D:7:      layout_gridville, gammafunk_ghost_hive
D:8:      layout_basic
D:9:      layout_cave_pools, nicolae_ashenzari_skybound, serial_rivers,
          chequers_serial_rivers_micro_b, chequers_serial_rivers_micro_e,
          chequers_serial_rivers_micro_e, chequers_serial_rivers_micro_c,
          chequers_serial_rivers_micro_c,
          nicolae_concentric_dashed_squares_wild, minmay_statue_bubble
Temple:   compressed_dpeg_triangle_lava_temple

Skill      XL: |  1  2  3  4  5  6  7  8  9 10 |
---------------+-------------------------------+-----
Transmutations | 1 2 3 |  3.0
Earth Magic    | 4 5 7 8 9 11 13 | 13.0
Conjurations   | 1 3 4 5 6 |  6.0
Fighting       | 2 3 4 6 |  6.0
Spellcasting   | 3 |  3.0
Invocations    | 2 4 5 |  5.9
Armour         | 1 |  1.2
Short Blades   | |  0.9
Dodging        | |  1.5
Stealth        | |  2.7

Action                     |  1- 3 |  4- 6 |  7- 9 | 10-12 || total
---------------------------+-------+-------+-------+-------++-------
  Melee: Unarmed           |     4 |       |       |       ||     4
         Punch             |     2 |       |       |     1 ||     3
         Dagger            |    83 |    30 |     3 |    25 ||   141
   Cast: Sandblast         |    44 |    49 |    95 |    50 ||   238
         Stone Arrow       |       |       |    16 |     1 ||    17
         Passwall          |       |       |     1 |       ||     1
   Stab: Sleeping          |     1 |     2 |     1 |       ||     4
         Distracted        |       |       |       |     1 ||     1
 Armour: Robe              |    56 |    30 |     2 |       ||    88
         Steam dragon scal |       |       |    10 |    33 ||    43
  Dodge: Dodged            |    83 |    29 |    28 |    38 ||   178

Table legend: (Time is in decaauts)
 A = Elapsed time spent in this place.
 B = Non-inter-level travel time spent in this place.
 C = Inter-level travel time spent in this place.
 D = Time resting spent in this place.
 E = Time spent auto-exploring this place.
 F = Levels seen in this place.
 G = Mean time per level.
                   A        B        C        D        E       F      G
               +--------+--------+--------+--------+--------+-----+--------+
         Total |   8907 |   8593 |    314 |    621 |   6584 |  10 |  890.7 |
       Dungeon |   8523 |   8226 |    297 |    621 |   6238 |   9 |  947.0 |
        Temple |    384 |    368 |     16 |      0 |    346 |   1 |  384.0 |
               +--------+--------+--------+--------+--------+-----+--------+

Top non-repeatable levels by time:
     D:8: 1366 daAuts
     D:1: 1268 daAuts
     D:4: 1196 daAuts
     D:5: 1109 daAuts
     D:2: 1032 daAuts
     D:6: 955 daAuts
     D:7: 895 daAuts
     D:3: 555 daAuts
  Temple: 384 daAuts
     D:9: 142 daAuts
